 Dungeon Crawl Stone Soup version 0.28-a0-1412-gf95308ed99 (webtiles) character file.

Game seed: 14064484062977564937

39 Strat the Chopper (level 3, -1/22 HPs)
             Began as a Tengu Warper on Jan 6, 2022.
             Slain by an orc (7 damage)
             ... on level 4 of the Dungeon.
             The game lasted 00:02:48 (1372 turns).

Strat the Chopper (Tengu Warper)                    Turns: 1372, Time: 00:02:49

Health: -1/22      AC:  4    Str: 13    XL:     3   Next: 47%
Magic:  7/7        EV: 12    Int: 13    God:
Gold:   64         SH:  0    Dex: 13    Spells: 4/6 levels left

rFire   . . .      SeeInvis .   a - +0 hand axe
rCold   . . .      Faith    .   (no shield)
rNeg    . . .      Spirit   .   b - +0 leather armour
rPois   .          Reflect  .   (helmet restricted)
rElec   .          Harm     .   (no cloak)
rCorr   .          Rampage  .   k - +0 pair of gloves
Will    .....                   (boots unavailable)
Stlth   +.........              (no amulet)
HPRegen 0.07/turn               (no ring)
MPRegen 0.10/turn               (no ring)

@: confused
A: beak, talons 3
a: no special abilities


You were on level 4 of the Dungeon.
You visited 1 branch of the dungeon, and saw 3 of its levels.

You collected 64 gold pieces.

Inventory:

Hand Weapons
 a - a +0 hand axe (weapon)
Missiles
 d - 5 boomerangs of dispersal
 g - 67 stones (quivered)
Armour
 b - a +0 leather armour (worn)
 k - a +0 pair of gloves (worn)
Scrolls
 c - a scroll of blinking
 f - a scroll of identify {unknown}
 h - a scroll of holy word {unknown}
 j - a scroll of fog {unknown}
Potions
 e - 2 potions of curing {unknown}
 i - a potion of ambrosia {unknown}


   Skills:
 + Level 2.6 Fighting
 * Level 3.6 Axes
 - Level 1.0 Throwing
 - Level 1.1 Armour
 - Level 2.1 Dodging
 - Level 2.0 Spellcasting
 - Level 2.4 Translocations


You had 4 spell levels left.
You knew the following spells:

 Your Spells              Type           Power      Damage    Failure   Level
a - Blink                 Tloc           14%        N/A       19%         2

Your spell library contained the following spells:

 Spells                   Type           Power      Damage    Failure   Level
 Gell's Gravitas          Tloc           7%         N/A       36%         3
 Lesser Beckoning         Tloc           7%         N/A       36%         3
 Teleport Other           Tloc           7%         N/A       36%         3
 Manifold Assault         Tloc           7%         N/A       98%         5


Dungeon Overview and Level Annotations

Branches:
Dungeon (2/15)

Altars:


Innate Abilities, Weirdness & Mutations

You have a beak for a mouth.
You have claws for feet.


Message History

You closely miss the adder. Your kick misses the adder.
The adder closely misses you.
You closely miss the adder. Your kick misses the adder.
You punch the adder, but do no damage. The adder bites you but does no damage.
The adder closely misses you.
You closely miss the adder. You claw the adder.
The adder is moderately wounded.
The adder closely misses you.
You hit the adder. You claw the adder.
You kill the adder!
Found 15 gold pieces.
You see here an adder corpse.
g - 64 stones (gained 1)
g - 65 stones (gained 1)
Found a scroll labelled APLEWE KANIESM.
g - 67 stones (gained 2)
You now have 64 gold pieces (gained 15).
h - a scroll labelled APLEWE KANIESM An orc, an orc warrior and an orc wizard come into view.
The orc wizard is wielding a +2 dagger of pain.
The orc is wielding a +0 flail of venom.
An orc comes into view. It is wielding a +0 short sword.
The orc shouts!
The orc wizard gestures at you while chanting.
The puff of flame hits you!
Ouch! That really hurt!
* * * LOW HITPOINT WARNING * * *
Found a scale mail.
Found a stone staircase leading up.
The orc wizard gestures at you while chanting.
The magic dart hits you.
* * * LOW HITPOINT WARNING * * *
The orc wizard gestures wildly while chanting.
The orc wizard flickers and vanishes!
Deactivating autopickup; reactivate with Ctrl-A.
You are confused.
You bump into the rock wall.
You bump into the rock wall.
An orc opens the door.
The orc hits you with a +0 flail of venom!
You die...

..................
.........o####.###
..........# #.#
..........# #.#
.†........# #.#
..........####.###
#######......o...#
##.........#
#.....o{o@#
#.[####'#.# ##.# #
#.# #.# #.# #.#
#.# #.# #.# #.#
#.# ..# ###


You could see an orc warrior and 2 orcs.

Vanquished Creatures
  An adder (D:4)
  3 ball pythons
  4 endoplasms (D:1)
  2 giant cockroaches (D:1)
  3 goblins (D:1)
  2 hobgoblins (D:1)
  3 jackals (D:1)
  2 kobolds (D:1)
  4 bats
  2 frilled lizards
  2 rats (D:1)
28 creatures vanquished.

Notes
Turn   | Place    | Note
-------+----------+-------------------------------------------
     0 | D:1      | Strat the Tengu Warper began the quest for the Orb.
     0 | D:1      | Reached XP level 1. HP: 12/12 MP: 4/4
   162 | D:1      | Reached XP level 2. HP: 16/17 MP: 6/6
   421 | D:1      | Reached skill level 3 in Axes
   823 | D:1      | Reached XP level 3. HP: 22/22 MP: 7/7
  1133 | D:1      | Learned a level 2 spell: Blink
  1319 | D:2      | You fall into a shaft and drop 2 floors!
  1352 | D:4      | Noticed an orc warrior
  1372 | D:4      | Slain by an orc

Illustrated notes

Levels and vault maps discovered:
D:1:      dpeg_arrival_stonehenge_8_columns, layout_basic,
          roderic_roman_lattice, minmay_misc_feat_cross, minmay_tall_x
D:2:      layout_basic, minmay_pentomino_pile
D:4:      layout_basic, lemuel_round_altar, lemuel_blue_sif_altar,
          minmay_temple_entry_butterflies, kennysheep_another_room

Skill      XL: |  1  2 |
---------------+-------+-----
Axes           | 3 |  3.6
Fighting       | |  2.6
Throwing       | |  1.0
Armour         | |  1.1
Dodging        | |  2.1
Spellcasting   | |  2.0
Translocations | |  2.4

Action                   || total
-------------------------++-------
Melee: Hand axe          ||    52
       Peck              ||     5
       Kick              ||    12
       Punch             ||     1
Throw: Stone             ||    25
Armor: Leather armour    ||    17
Dodge: Dodged            ||    34

Table legend: (Time is in decaauts)
 A = Elapsed time spent in this place.
 B = Non-inter-level travel time spent in this place.
 C = Inter-level travel time spent in this place.
 D = Time resting spent in this place.
 E = Time spent auto-exploring this place.
 F = Levels seen in this place.
 G = Mean time per level.
                   A        B        C        D        E       F      G
               +--------+--------+--------+--------+--------+-----+--------+
         Total |   1380 |   1358 |     22 |    286 |    687 |   3 |  460.0 |
       Dungeon |   1380 |   1358 |     22 |    286 |    687 |   3 |  460.0 |
               +--------+--------+--------+--------+--------+-----+--------+

Top non-repeatable levels by time:
     D:1: 1184 daAuts
     D:2: 142 daAuts
     D:4: 53 daAuts
